 Dungeon Crawl Stone Soup version 0.31-a0-339-gda1cbd555d (webtiles) character file.

Game seed: 13567109597855293395

1096 gruber the Grappler (level 8, -2/70 HPs)
             Began as a Troll Shapeshifter on July 20, 2023.
             Succumbed to an orc wizard's poison
             ... on level 6 of the Dungeon.
             The game lasted 00:04:00 (4569 turns).

gruber the Grappler (Troll Shapeshifter)            Turns: 4569, Time: 00:04:00

Health: -2/70      AC:  4    Str: 26    XL:     8   Next: 10%
Magic:  7/7        EV:  9    Int:  4    God:
Gold:   268        SH:  0    Dex: 10    Spells: 7/7 levels left

rFire   . .          .
                       - Unarmed
rCold   . . .        (no shield)
rNeg    . . .        a - +0 animal skin
rPois   .            (helmet currently unavailable)
rElec   .            (cloak currently unavailable)
rCorr   .            (gloves unavailable)
SInv    .            (boots unavailable)
Will    .....        (no amulet)
Stlth   +            (no ring)
HPRegen 1.11/turn    (no ring)
MPRegen 0.10/turn

%: no passive effects
@: confused, lethally poisoned (-2 -> -19), beast-form, hasted, very quick
A: beast (slay +2), large, unfitting armour, claws 3, regeneration 1, shaggy fur
1, tough skin 1
a: Begin Untransformation


You were on level 6 of the Dungeon.
You were a hulking beast.
You visited 2 branches of the dungeon, and saw 8 of its levels.

You collected 268 gold pieces.

Inventory:

Missiles
 x - 2 poisoned darts (quivered)
Armour
 a - a +0 animal skin (worn)
Talismans
 c - a beast talisman
Wands
 p - a wand of paralysis (3)
 B - a wand of mindburst (9)
Scrolls
 h - a scroll of vulnerability {unknown}
 i - a scroll of blinking {unknown}
 j - 2 scrolls of torment {unknown}
 k - a scroll of identify {unknown}
 m - a scroll of enchant weapon {unknown}
 n - a scroll of fog {unknown}
 r - a scroll of immolation {unknown}
 s - 2 scrolls of noise {unknown}
 u - 2 scrolls of summoning {unknown}
 v - a scroll of teleportation {unknown}
 w - a scroll of enchant armour {unknown}
 y - 3 scrolls of amnesia {unknown}
 A - 3 scrolls of revelation {unknown}
Potions
 b - a potion of lignification
 d - 3 potions of attraction {unknown}
 e - 3 potions of haste
 f - a potion of curing {unknown}
 g - a potion of mutation {unknown}
 l - a potion of heal wounds {unknown}
 o - a potion of enlightenment {unknown}
 q - 2 potions of degeneration {unknown}
 t - a potion of brilliance {unknown}
 z - a potion of cancellation {unknown}


   Skills:
 * Level 1.2 Fighting
 - Level 1.5 Dodging
 - Level 10.0 Unarmed Combat
 - Level 3.0 Shapeshifting


You had 7 spell levels left.
You didn't know any spells.
Your spell library contained the following spells:

 Spells                   Type           Power      Damage    Failure   Level
 Apportation              Tloc           0%         N/A       50%         1
 Slow                     Hex            0%         N/A       50%         1
 Confusing Touch          Hex            0%         N/A       86%         3
 Ignite Poison            Fire/Tmut/Pois 0%         N/A       86%         3
 Summon Guardian Golem    Hex/Summ       0%         N/A       86%         3
 Vampiric Draining        Necr           0%         2d6       86%         3
 Sticky Flame             Conj/Fire      0%         2d3       99%         4
 Alistair's Intoxication  Tmut/Pois      0%         N/A       100%        5
 Orb of Destruction       Conj           0%         9d5       100%        7
 Spellforged Servitor     Conj/Summ      0%         N/A       100%        7
 Ignition                 Fire           0%         3d3       100%        8


Dungeon Overview and Level Annotations

Branches:
Dungeon (7/15)             Temple (1/1) D:6

Altars:
Ashenzari
Cheibriados
Elyvilon
Fedhas
Hepliaklqana
Kikubaaqudgha
Makhleb
Nemelex Xobeh
Okawaru
Sif Muna
Trog
Vehumet
Wu Jian
Xom

Shops:
D:1 =

Annotations:
D:5 1 runed translucent door


Innate Abilities, Weirdness & Mutations

You are a hulking beast.
Your limbs bulge with bestial killing power. (Slay +2)
You are too large for most types of armour.
You have claws for hands.
Your natural rate of healing is unusually fast.
You are covered in fur. (AC +1)
You have tough skin. (AC +1)


Message History

You kill the orc!
You feel sick. Something hits you but does no damage. Something hits you.
Something shocks you.
No target in view!
Unknown command.
You barely miss something.
You feel sick. Something hits you.
You are more poisoned.
Something hits you. Something shocks you.
You closely miss something.
You feel sick. Something hits you.
You are more poisoned.
Something hits you. Something shocks you.
You barely miss something.
You feel very sick. Something hits you but does no damage.
You are more poisoned.
Something hits you. Something shocks you.
* * * LOW HITPOINT WARNING * * *
You closely miss something.
You feel very sick.
You claw something!
You feel very sick.
You hear some strange, mumbled words.
You are confused.
Something hits you but does no damage.
Unknown command.
Unknown command.
You feel very sick. Something hits you.
* * * LOW HITPOINT WARNING * * *
You are lethally poisoned!
Something hits you but does no damage.
* * * LOW HITPOINT WARNING * * *
You feel very sick. Something hits you.
* * * LOW HITPOINT WARNING * * *
You are more poisoned.
Something hits you but does no damage.
There is a stone staircase leading down here.
It was a potion of haste.
You feel yourself speed up.
You die...

#######################
#......#..............#
#......#..............#
#......'..............#
###########.###..####.####+##
###.##.######.###..####.####.##
#........#............#...#....
#........#...{{.......#...#....
#........#....h)......+...'...#
##'###'####...##########..##.##
###...##.####...####...###..##.#.
..#................#...<.......#.
...................#...........#.
..##.....##........#...........##
..##.....##........#............#
+###...............+...........##
..##............[.####'###..##.#.


There were no monsters in sight!

Vanquished Creatures
  A sky beast (D:6)
  2 ogres
  A phantom (D:4)
  A scorpion (D:6)
  2 wights (D:6)
  A howler monkey (D:6)
  A hound (D:6)
  A quasit (D:7)
  Crazy Yiuf (D:2)
  4 iguanas
  Ijyb (D:3)
  Robin (D:2)
  11 gnolls
  7 adders
  A white imp (D:6)
  3 ufetubi
  2 worms
  8 dart slugs (D:4)
  12 orcs
  7 ball pythons
  5 endoplasms
  3 giant cockroaches
  14 goblins
  8 hobgoblins
  10 jackals
  2 quokkas
  6 bats
  4 frilled lizards
  4 kobolds
  6 rats
130 creatures vanquished.

Notes
Turn   | Place    | Note
-------+----------+-------------------------------------------
     0 | D:1      | gruber the Troll Shapeshifter began the quest for the Orb.
     0 | D:1      | Reached XP level 1. HP: 18/18 MP: 0/0
    38 | D:1      | Found Pestruot's Jewellery Boutique.
   174 | D:1      | Reached XP level 2. HP: 26/26 MP: 1/1
   702 | D:2      | Reached skill level 4 in Unarmed Combat
   702 | D:2      | Reached XP level 3. HP: 21/32 MP: 2/2
   778 | D:2      | Found a runed translucent door.
   778 | D:2      | Noticed Robin
   779 | D:2      | Noticed Crazy Yiuf
   963 | D:2      | Reached XP level 4. HP: 21/40 MP: 3/3
  1046 | D:2      | Reached skill level 5 in Unarmed Combat
  1242 | D:2      | Killed Crazy Yiuf
  1248 | D:2      | Killed Robin
  1492 | D:3      | Found an iron altar of Okawaru.
  1498 | D:3      | Reached XP level 5. HP: 46/46 MP: 4/4
  1551 | D:3      | Reached skill level 6 in Unarmed Combat
  1587 | D:3      | Found a white marble altar of Elyvilon.
  1644 | D:3      | Noticed Ijyb
  1655 | D:3      | Killed Ijyb
  1785 | D:3      | Found a faded altar of an unknown god.
  1788 | D:3      | Found a bloodstained altar of Trog.
  2422 | D:4      | Reached XP level 6. HP: 53/54 MP: 5/5
  2468 | D:4      | Reached skill level 7 in Unarmed Combat
  2585 | D:4      | Reached skill level 8 in Unarmed Combat
  2585 | D:4      | Reached XP level 7. HP: 12/61 MP: 6/6
  2707 | D:4      | Found an ancient bone altar of Kikubaaqudgha.
  2761 | D:4      | Found a shimmering altar of Xom.
  3000 | D:5      | Entered Level 5 of the Dungeon
  3000 | D:5      | Found a runed translucent door.
  3350 | D:5      | Found a snail-covered altar of Cheibriados.
  3776 | D:6      | Found a blossoming altar of Fedhas.
  3895 | D:6      | Reached skill level 9 in Unarmed Combat
  4185 | D:6      | Found a sparkling altar of Nemelex Xobeh.
  4236 | D:6      | Found a staircase to the Ecumenical Temple.
  4329 | Temple   | Entered the Ecumenical Temple
  4406 | D:6      | Reached XP level 8. HP: 30/68 MP: 7/7
  4407 | D:6      | Reached skill level 10 in Unarmed Combat
  4554 | D:7      | Reached skill level 1 in Fighting
  4568 | D:6      | HP: 2/70 [something (3)]
  4569 | D:6      | Succumbed to an orc wizard's poison

Illustrated notes

Levels and vault maps discovered:
D:1:      saegor_arrival_simple_b, layout_loops_ring, serial_shops, shop
D:2:      layout_loops_cross, minmay_cut_off, uniq_crazy_yiuf_cottage,
          uniq_robin
D:3:      layout_loops_corners, nicolae_overflow_ecumenical_swirl,
          elyvilon_altar_5, okawaru_altar_gauntlet_db, uniq_ijyb
D:4:      kennysheep_slugbush, layout_loops_cross,
          mainiacjoe_overflow_surrounded_room, mainiacjoe_overflow_cross_hatched
D:5:      layout_basic, mainiacjoe_overflow_six_doors_small,
          lightli_church_of_beogh
D:6:      layout_gridville, overflow_temple_1_default,
          nemelex_dance_club_becter, minmay_temple_entry_enclosed_plants,
          minmay_small_thing
D:7:      layout_cave_pools, chequers_temple_overflow_statue_of_worship,
          serial_demonic, serial_demonic_d, serial_demonic_e, serial_demonic_g,
          serial_demonic_g, nicolae_figureground_pulse
Temple:   hellmonk_temple_flake

Skill      XL: |  1  2  3  4  5  6  7  8 |
---------------+-------------------------+-----
Unarmed Combat | 4 5 6 8 9 10 | 10.0
Fighting       | 1 |  1.2
Dodging        | |  1.5
Shapeshifting  | |  3.0

Action                     |  1- 3 |  4- 6 |  7- 9 || total
---------------------------+-------+-------+-------++-------
  Melee: Unarmed           |    77 |   149 |    59 ||   285
         Punch             |     1 |     7 |       ||     8
    Use: Potion            |       |       |     1 ||     1
   Stab: Sleeping          |     1 |       |     1 ||     2
 Armour: Animal skin       |    19 |    41 |    27 ||    87
  Dodge: Dodged            |    34 |    63 |    26 ||   123

Table legend: (Time is in decaauts)
 A = Elapsed time spent in this place.
 B = Non-inter-level travel time spent in this place.
 C = Inter-level travel time spent in this place.
 D = Time resting spent in this place.
 E = Time spent auto-exploring this place.
 F = Levels seen in this place.
 G = Mean time per level.
                   A        B        C        D        E       F      G
               +--------+--------+--------+--------+--------+-----+--------+
         Total |   4537 |   4233 |    304 |    146 |   3396 |   8 |  567.1 |
       Dungeon |   4535 |   4233 |    302 |    146 |   3396 |   7 |  647.9 |
        Temple |      1 |      0 |      1 |      0 |      0 |   1 |    1.0 |
               +--------+--------+--------+--------+--------+-----+--------+

Top non-repeatable levels by time:
     D:3: 926 daAuts
     D:6: 797 daAuts
     D:4: 765 daAuts
     D:5: 754 daAuts
     D:2: 717 daAuts
     D:1: 564 daAuts
     D:7: 10 daAuts
  Temple: 1 daAuts
